 Dungeon Crawl Stone Soup version 0.29.0-11-gd7f09526c8 (webtiles) character file.

Game seed: 3779861749211148984

103178 VictoriousLee the Destroyer (level 15, -2/126 HPs)
             Began as a White Draconian Conjurer on Sept 4, 2022.
             Was a High Priest of Vehumet.
             Slain by a skeletal warrior
             ... wielding a +0 glaive
              (10 damage)
             ... while petrified by Jorgrun
             ... on level 14 of the Dungeon on Sept 5, 2022.
             The game lasted 04:25:47 (32055 turns).

VictoriousLee the Destroyer (DrCj)                 Turns: 32055, Time: 04:25:54

Health: -2/126     AC: 21    Str: 11    XL:     15   Next: 88%
Magic:  31/31      EV: -1    Int: 37    God:    Vehumet [*****.]
Gold:   2393       SH:  0    Dex:  9    Spells: 4/38 levels left

rFire   + + .      SeeInvis .   b - +6 scimitar "Kysh" {protect, Drain rElec rPois Int+8}
rCold   + + .      Faith    .   Q - +1 buckler {AC+3}
rNeg    + + +      Spirit   .   (body armour unavailable)
rPois   ∞          Reflect  .   q - +1 hat
rElec   +          Harm     .   d - +1 cloak
rCorr   .          Rampage  .   S - +2 pair of gloves
Will    +....                   t - +2 pair of boots
Stlth   ++........              (no amulet)
HPRegen 0.31/turn               B - ring of the Harvest {rF+ rC+ rN+ EV+4}
MPRegen 0.22/turn               W - ring of Dawn {rF+ Int+4}

@: petrified, grasped by roots, constricted, studying Short Blades
A: breathe frost, AC +9, unfitting armour, cold resistance 1, cold-blooded
a: Breathe Frost, Renounce Religion


You were on level 14 of the Dungeon.
You worshipped Vehumet.
Vehumet was extremely pleased with you.
You visited 5 branches of the dungeon, and saw 26 of its levels.
You also visited: Sewer.

You collected 2498 gold pieces.
You spent 105 gold pieces at shops.

Inventory:

Hand Weapons
 b - the +6 scimitar "Kysh" (weapon) {protect, Drain rElec rPois Int+8}
   (You took it off a gnoll on level 10 of the Dungeon)

   It grants its wielder temporary protection when it strikes (+7 to AC).
   Int:       It affects your intelligence (+8).
   rElec:     It insulates you from electricity.
   rPois:     It protects you from poison.
   Drain:     It drains your maximum health when unequipped.
 g - a +2 long sword
 X - a +4 scimitar of flaming
Missiles
 A - 3 boomerangs of dispersal
 D - 23 poisoned darts
 P - 3 curare-tipped darts
 Y - 19 silver javelins
Armour
 d - a +1 cloak (worn)
 q - a +1 hat (worn)
 t - a +2 pair of boots (worn)
 Q - a +1 buckler of protection (worn)
 S - a +2 pair of gloves (worn)
Magical Staves
 a - a staff of conjuration
Jewellery
 m - a ring of magical power
 n - the ring of Attitude {Fly SInv}
   (You took it off a minotaur on level 13 of the Dungeon)

   [ring of flight]

   SInv:      It lets you see invisible.
   Fly:       It grants you flight.
 p - the amulet "Tuukuqeq" {Regen+ Int+3}
   (You found it on level 7 of the Dungeon)

   [amulet of regeneration]

   Int:       It affects your intelligence (+3).
   Regen:     It increases your rate of health regeneration.
 B - the ring of the Harvest (left hand) {rF+ rC+ rN+ EV+4}
   (You found it on level 1 of the Lair of Beasts)

   [ring of evasion]

   EV:        It affects your evasion (+4).
   rF:        It protects you from fire.
   rC:        It protects you from cold.
   rN:        It protects you from negative energy.
 F - a ring of wizardry
 G - an amulet of reflection
 W - the ring of Dawn (right hand) {rF+ Int+4}
   (You took it off an efreet on level 11 of the Dungeon)

   [ring of protection from fire]

   Int:       It affects your intelligence (+4).
   rF:        It protects you from fire.
 Z - the amulet of Ennai {RegenMP rPois rN+ Will++ Dex-5}
   (You took it off an orc knight on level 11 of the Dungeon)

   [amulet of magic regeneration]

   It increases your rate of magic regeneration.
   Dex:       It affects your dexterity (-5).
   rPois:     It protects you from poison.
   rN:        It protects you from negative energy.
   Will:      It greatly increases your willpower.
Wands
 k - a wand of digging (1)
 y - a wand of roots (18)
 E - a wand of polymorph (25)
 H - a wand of charming (23)
 K - a wand of flame (106)
 T - a wand of mindburst (12)
Scrolls
 c - a scroll of magic mapping
 e - 6 scrolls of identify
 l - 9 scrolls of teleportation
 s - 2 scrolls of amnesia
 u - 4 scrolls of fog
 v - 5 scrolls of poison
 w - 8 scrolls of fear
 N - a scroll of blinking
 O - 4 scrolls of silence
Potions
 f - 3 potions of flight
 h - a potion of invisibility
 i - a potion of resistance {unknown}
 j - 15 potions of curing
 o - 6 potions of haste
 r - 9 potions of heal wounds
 x - 2 potions of lignification
 z - 2 potions of cancellation
 U - 2 potions of brilliance
Miscellaneous
 L - a piece from Xom's chessboard (15/15)


   Skills:
 - Level 10.0 Fighting
 - Level 11.5 Long Blades
 - Level 2.0 Dodging
 - Level 1.7 Stealth
 - Level 3.0 Shields
 * Level 12.1 Spellcasting
 - Level 14.0 Conjurations
 - Level 4.0 Hexes
 - Level 5.1 Translocations
 - Level 11.1 Ice Magic
 - Level 12.0 Air Magic
 - Level 3.9 Earth Magic


You had 4 spell levels left.
You knew the following spells:

 Your Spells              Type           Power      Damage    Failure   Level
a - Lightning Bolt        Conj/Air       43%        1d63      1%          5
b - Blink                 Tloc           100%       N/A       1%          2
c - Conjure Ball Lightni  Conj/Air       43%        3x3d15    1%          6
f - Fulminant Prism       Conj/Hex       36%        3d18      1%          4
i - Iskenderun's Mystic   Conj/Tloc      76%        2d15      1%          4
r - Ozocubu's Refrigerat  Ice            40%        4d16      5%          7
s - Stone Arrow           Conj/Erth      100%       3d13      1%          3
u - Searing Ray           Conj           100%       2d8       0%          2
z - Magic Dart            Conj           100%       1d8       0%          1

Your spell library contained the following spells:

 Spells                   Type           Power      Damage    Failure   Level
 Iron Shot                Conj/Erth      36%        9d7       2%          6
 Slow                     Hex            100%       N/A       1%          1
 Ensorcelled Hibernation  Hex/Ice        100%       N/A       1%          2
 Passwall                 Tmut/Erth      30%        N/A       1%          2
 Scorch                   Fire           44%        2d7       1%          2
 Conjure Flame            Conj/Fire      65%        6-21      1%          3
 Dazzling Flash           Conj/Hex       100%       N/A       1%          3
 Gell's Gravitas          Tloc           57%        N/A       1%          3
 Ignite Poison            Fire/Tmut/Pois 22%        N/A       1%          3
 Inner Flame              Hex/Fire       37%        N/A       1%          3
 Swiftness                Air            84%        N/A       1%          3
 Teleport Other           Tloc           57%        N/A       1%          3
 Tukima's Dance           Hex            51%        N/A       1%          3
 Flame Wave               Conj/Fire      65%        2d15      1%          4
 Sticky Flame             Conj/Fire      65%        2d8       1%          4
 Beastly Appendage        Tmut           44%        N/A       2%          1
 Summon Small Mammal      Summ           88%        N/A       2%          1
 Wereblood                Tmut           22%        N/A       3%          2
 Summon Guardian Golem    Hex/Summ       37%        N/A       3%          3
 Leda's Liquefaction      Hex/Erth       25%        N/A       4%          4
 Call Canine Familiar     Summ           22%        N/A       7%          3
 Spider Form              Tmut/Pois      22%        N/A       7%          3
 Animate Dead             Necr           22%        N/A       22%         4
 Irradiate                Conj/Tmut      32%        3d22      1%          5
 Lee's Rapid Deconstruct  Erth           25%        3d15*     3%          5
 Manifold Assault         Tloc           57%        N/A       8%          5
 Borgnjor's Vile Clutch   Necr/Erth      18%        N/A       28%         5
 Dispersal                Tloc           28%        N/A       38%         6
 Statue Form              Tmut/Erth      24%        N/A       85%         6
 Storm Form               Tmut/Air       30%        N/A       86%         7
 Death Channel            Necr           11%        N/A       98%         6
 Summon Cactus Giant      Summ           11%        N/A       98%         6
 Dragon Form              Tmut           11%        N/A       100%        7


Dungeon Overview and Level Annotations

Branches:
Dungeon (14/15)            Temple (1/1) D:6            Lair (5/5) D:9
  Swamp (4/4) Lair:3        Snake (0/4) Lair:3        Slime (0/5) Lair:4
    Orc (2/2) D:12            Elf (0/3) Orc:2        Vaults (0/5) D:14
  Sewer (visited)

Altars:
Elyvilon
Fedhas
Okawaru
Ru
Vehumet
Wu Jian
Xom
Zin
Jiyva

Shops:
Orc:2 !*(?

Portals:
Trove: D:10 (give 7 scrolls of blinking)

Annotations:
D:14 Jorgrun
Lair:4 1 runed translucent door
Swamp:2 2 runed translucent doors, esper6's ghost, journeyman GnNe
Swamp:4 Mlioglotl


Innate Abilities, Weirdness & Mutations

You can breathe waves of freezing cold which knock back foes.
Your icy white scales are hard. (AC +9)
You cannot fit into any form of body armour.
Your flesh is cold resistant. (rC+)
You are cold-blooded and may be slowed by cold attacks.


Message History

The skeletal warrior hits you but does no damage.
The grasping roots constrict you.
The skeletal warrior hits you with a +0 mace.
The skeletal warrior hits you from afar with a +0 trident!
Jorgrun gestures at you while chanting. You resist with significant effort.
The grasping roots constrict you.
The skeletal warrior hits you with a +0 mace!!
The skeletal warrior hits you from afar with a +0 trident.
The skeletal warrior hits you from afar with a +0 glaive.
Jorgrun says, "Yer just na down-ta-earth enough."
Jorgrun hits you with a staff of earth! Jorgrun shatters you.
The grasping roots constrict you.
The skeletal warrior hits you with a +0 mace!
The skeletal warrior hits you from afar with a +0 trident!
The skeletal warrior hits you from afar with a +0 glaive.
* * * LOW HITPOINT WARNING * * *
Jorgrun hits you but does no damage. The grasping roots constrict you.
* * * LOW HITPOINT WARNING * * *
The skeletal warrior hits you with a +0 mace.
* * * LOW HITPOINT WARNING * * *
The skeletal warrior hits you but does no damage. x2
Jorgrun hits you but does no damage. The grasping roots constrict you!
* * * LOW HITPOINT WARNING * * *
The skeletal warrior hits you but does no damage. x2
Jorgrun hits you with a staff of earth!
* * * LOW HITPOINT WARNING * * *
The grasping roots constrict you.
The skeletal warrior hits you but does no damage.
The skeletal warrior hits you from afar with a +0 trident!
* * * LOW HITPOINT WARNING * * *
The skeletal warrior hits you but does no damage.
The skeletal warrior hits you with a +0 dire flail!
* * * LOW HITPOINT WARNING * * *
Jorgrun hits you with a staff of earth. The grasping roots constrict you!
* * * LOW HITPOINT WARNING * * *
The skeletal warrior hits you but does no damage.
The skeletal warrior hits you from afar with a +0 trident!
* * * LOW HITPOINT WARNING * * *
The skeletal warrior hits you from afar with a +0 glaive!!
You die...

# ############## ##..
#....##.......# ####.(..
#.>..##......#.# ..#.....
.....##......#..## .....!.#
.....##......##.z###.(....#
......+......'..@z..'...#
.....##......####gz#..#.#
.....##......# ##zz..#
.............######...#
.#.###..........# #....
.#.# #..........# #....
.#.# #.#####....# .... .#.#
#.# #......# ..... .#.# #.#
#......#


You could see Jorgrun and 5 skeletal warriors.

Vanquished Creatures
  Nikola (Swamp:2)
  Frances (Swamp:1)
  A thorn hunter (Swamp:2)
  Kirke (D:14)
  A fenstrider witch (Swamp:1)
  An orc warlord (Orc:2)
  4 eleionomae
  2 minotaurs (D:13)
  2 bunyips
  A shambling mangrove (Swamp:2)
  A ghost crab (Swamp:2)
  Erica (D:11)
  An ogre mage (D:11)
  8 hydras
  2 centaur warriors
  7 two-headed ogres
  A boulder beetle (D:12)
  5 alligators (Swamp:3)
  A death knight (D:11)
  A tengu warrior (D:11)
  6 death yaks
  A goliath frog (Swamp:1)
  Lodul (D:13)
  2 spriggan druids (Swamp:1)
  3 swamp dragons
  7 bog bodies
  7 orc knights
  2 necromancers
  An orc sorcerer (Orc:1)
  3 ugly things
  2 manticores (D:11)
  6 will-o-the-wisps
  4 cyclopes
  14 elephants
  6 black mambas
  A torpor snail (Lair:1)
  8 cane toads
  4 gargoyles
  8 komodo dragons
  9 yaktaurs (D:13)
  Psyche (D:11)
  An efreet (D:11)
  3 trolls
  6 rime drakes
  4 tyrant leeches
  7 polar bears
  A bloated husk (Swamp:2)
  A wolf spider simulacrum (D:14)
  8 hornets
  A dream sheep (shapeshifter) (D:13)
  7 blink frogs
  A slime creature (shapeshifter) (D:11)
  6 slime creatures (D:11)
  8 dream sheep (Lair:4)
  2 shadows
  5 hogs (D:14)
  7 spriggans
  4 wyverns
  A centaur simulacrum (D:14)
  42 yaks
  3 fire bats
  A vampire (D:11)
  4 wraiths
  3 basilisks
  A water elemental (D:13)
  A steam dragon (D:8)
  13 vampire mosquitoes
  10 wargs
  6 nagas (Lair:3)
  3 acid dragons
  8 swamp worms
  9 water moccasins
  2 black bears
  37 orc warriors
  8 swamp drakes
  8 ogres
  13 wolves
  8 centaurs
  3 kobold brigands
  13 bullfrogs
  3 gnoll sergeants
  3 necrophages (D:5)
  2 scorpions (D:6)
  8 wights
  8 killer bees
  A killer bee (shapeshifter) (D:13)
  2 electric eels (D:13)
  A howler monkey (D:4)
  2 hounds
  8 orc priests
  2 iguanas (D:5)
  2 jellies (D:4)
  2 gnoll boudas (D:6)
  17 orc wizards
  Natasha (twice) (D:4)
  4 hell rats (Lair:3)
  A mummy (D:5)
  35 gnolls
  7 river rats
  6 adders
  2 shadow imps (D:7)
  3 white imps (D:6)
  2 ufetubi
  2 worms
  3 dart slugs
  74 orcs
  3 bats
  8 endoplasms
  6 giant cockroaches
  9 goblins
  13 hobgoblins
  3 jackals (D:1)
  23 kobolds
  5 quokkas
  8 ball pythons
  11 frilled lizards
  2 hobgoblin zombies (D:5)
  2 orc zombies (D:5)
  31 rats
  2 bushes (Lair:1)
  68 fulminant prisms
804 creatures vanquished.

Vanquished Creatures (collateral kills)
  2 ball lightnings
2 creatures vanquished.

Vanquished Creatures (others)
  A swamp worm (Swamp:2)
  119 ball lightnings
  4 bushes (Lair:1)
  39 foxfires
  125 fulminant prisms
  31 fungi
  24 plants
343 creatures vanquished.

Grand Total: 1149 creatures vanquished

Notes
Turn   | Place    | Note
-------+----------+-------------------------------------------
     0 | D:1      | VictoriousLee the Draconian Conjurer began the quest for
                  | the Orb.
     0 | D:1      | Reached XP level 1. HP: 14/14 MP: 3/3
   249 | D:1      | Reached XP level 2. HP: 15/20 MP: 0/5
   377 | D:1      | Learned a level 2 spell: Searing Ray
   875 | D:1      | Reached XP level 3. HP: 26/26 MP: 1/6
  1522 | D:2      | Reached skill level 5 in Conjurations
  1935 | D:3      | Identified the +0 helmet "Natireh" {+Blink rElec Regen+
                  | Int+2}
  1936 | D:3      | Found a faded altar of an unknown god.
  1955 | D:3      | Reached XP level 4. HP: 33/33 MP: 8/8
  2493 | D:3      | Learned a level 4 spell: Iskenderun's Mystic Blast
  2505 | D:3      | Found a radiant altar of Vehumet.
  2529 | D:3      | Became a worshipper of Vehumet
  2924 | D:4      | Reached skill level 1 in Translocations
  2946 | D:4      | Reached XP level 5. HP: 38/38 MP: 9/9
  2957 | D:4      | Found a glowing drain.
  3026 | Sewer    | Entered a sewer
  3200 | Sewer    | Reached * piety under Vehumet
  3200 | Sewer    | Offered knowledge of Sandblast by Vehumet.
  3555 | Sewer    | Reached skill level 6 in Conjurations
  3555 | Sewer    | Reached XP level 6. HP: 37/45 MP: 10/10
  3841 | D:4      | Identified the +1 robe of the Haunted God {+Inv rF- rCorr
                  | Str-5}
  4116 | D:4      | Noticed Natasha
  4128 | D:4      | Reached ** piety under Vehumet
  4128 | D:4      | Offered knowledge of Poisonous Vapours by Vehumet.
  4214 | D:4      | Killed Natasha
  4225 | D:4      | Reached skill level 5 in Translocations
  4225 | D:4      | Your scales start taking on an icy white colour.
  4225 | D:4      | Reached XP level 7. HP: 30/50 MP: 8/11
  4225 | D:4      | Gained mutation: Your flesh is cold resistant. (rC+) [White
                  | Draconian growth]
  4673 | D:4      | Noticed Natasha
  4676 | D:4      | Killed Natasha
  4834 | D:5      | Entered Level 5 of the Dungeon
  4885 | D:5      | Reached skill level 7 in Conjurations
  4885 | D:5      | Reached skill level 1 in Ice Magic
  4966 | D:5      | Offered knowledge of Conjure Flame by Vehumet.
  5091 | D:5      | Reached *** piety under Vehumet
  5440 | D:5      | Reached skill level 5 in Ice Magic
  5639 | D:6      | Reached XP level 8. HP: 49/57 MP: 12/12
  5736 | D:6      | Offered knowledge of Flame Wave by Vehumet.
  6140 | D:6      | Found a shimmering altar of Xom.
  6692 | D:6      | Found a blossoming altar of Fedhas.
  7159 | D:6      | Reached skill level 8 in Conjurations
  7170 | D:6      | Found a staircase to the Ecumenical Temple.
  7179 | Temple   | Entered the Ecumenical Temple
  7362 | D:6      | Learned a level 2 spell: Blink
  7812 | D:7      | Identified a scroll of acquirement
  7812 | D:7      | Acquired a staff of conjuration
  7820 | D:7      | Learned a level 4 spell: Fulminant Prism
  7930 | D:7      | Identified the amulet "Tuukuqeq" {Regen+ Int+3}
  8009 | D:7      | Reached skill level 1 in Air Magic
  8059 | D:7      | Reached XP level 9. HP: 62/62 MP: 13/13
  9108 | D:8      | Reached skill level 5 in Spellcasting
  9155 | D:8      | Noticed a two-headed ogre
  9338 | D:8      | Killed a two-headed ogre
  9338 | D:8      | Reached **** piety under Vehumet
  9568 | D:8      | Found an ornate altar of the Wu Jian Council.
  9649 | D:8      | You fall into a shaft and drop 2 floors!
  9649 | D:10     | Entered Level 10 of the Dungeon
  9683 | D:10     | Reached XP level 10. HP: 70/70 MP: 15/22
  9766 | D:10     | Identified the +6 scimitar "Kysh" {protect, Drain rElec
                  | rPois Int+8}
  9773 | D:10     | Reached skill level 1 in Fighting
 10307 | D:9      | Reached skill level 1 in Hexes
 10334 | D:9      | Offered knowledge of Stone Arrow by Vehumet.
 11087 | D:9      | Found a staircase to the Lair.
 11373 | D:9      | Learned a level 3 spell: Stone Arrow
 11375 | D:10     | Found a portal to a secret trove of treasure.
 11380 | D:10     | Reached skill level 5 in Fighting
 11775 | D:10     | Noticed a gargoyle
 11784 | D:10     | Killed a gargoyle
 11785 | D:10     | Reached skill level 1 in Shields
 12080 | Lair:1   | Entered Level 1 of the Lair of Beasts
 12080 | Lair:1   | Noticed a black mamba
 12087 | Lair:1   | Killed a black mamba
 12195 | Lair:1   | Reached XP level 11. HP: 93/93 MP: 23/23
 12333 | Lair:1   | Reached skill level 5 in Air Magic
 12624 | Lair:1   | Identified the ring of the Harvest {rF+ rC+ rN+ EV+4}
 13041 | Lair:2   | Noticed a death yak
 13046 | Lair:2   | Reached skill level 9 in Conjurations
 13236 | Lair:2   | Found a white marble altar of Elyvilon.
 13310 | Lair:2   | Reached skill level 10 in Conjurations
 13553 | Lair:2   | Reached ***** piety under Vehumet
 13553 | Lair:2   | Offered knowledge of Sticky Flame by Vehumet.
 13619 | Lair:2   | Reached skill level 11 in Conjurations
 14039 | Lair:3   | Reached XP level 12. HP: 99/101 MP: 21/24
 14189 | Lair:3   | Reached skill level 12 in Conjurations
 14434 | Lair:3   | Noticed a four-headed hydra
 14474 | Lair:3   | Killed a four-headed hydra
 14865 | Lair:4   | Reached skill level 13 in Conjurations
 15245 | Lair:4   | Reached skill level 14 in Conjurations
 15856 | Lair:3   | Noticed a six-headed hydra
 15864 | Lair:3   | Killed a six-headed hydra
 16035 | Lair:3   | Found a staircase to the Snake Pit.
 16170 | Lair:3   | Offered knowledge of Lee's Rapid Deconstruction by Vehumet.
 16244 | Lair:3   | Found a staircase to the Swamp.
 16659 | Lair:4   | Found a runed translucent door.
 16661 | Lair:4   | Found a viscous altar of Jiyva.
 16663 | Lair:4   | Found a staircase to the Slime Pits.
 16700 | Lair:4   | Reached XP level 13. HP: 107/107 MP: 7/25
 17015 | Lair:5   | Entered Level 5 of the Lair of Beasts
 17132 | Lair:4   | Reached skill level 10 in Air Magic
 17309 | Swamp:1  | Entered Level 1 of the Swamp
 17309 | Swamp:1  | Noticed an eleionoma
 17316 | Swamp:1  | Killed an eleionoma
 17989 | D:11     | Noticed Erica
 17992 | D:11     | Killed Erica
 18073 | D:11     | Paralysed by a hornet for 3 turns
 18823 | D:11     | Reached skill level 10 in Spellcasting
 18971 | D:11     | Identified the ring of Dawn {rF+ Int+4}
 19004 | D:11     | Identified the amulet "Gybrext" {RegenMP Fragile +Blink rF+
                  | Will+}
 19240 | Swamp:1  | Reached skill level 1 in Long Blades
 19253 | Swamp:1  | Noticed a bunyip
 19258 | Swamp:1  | Killed a bunyip
 19301 | Swamp:1  | Noticed an eleionoma
 19313 | Swamp:1  | Killed an eleionoma
 19314 | Swamp:1  | Reached skill level 10 in Ice Magic
 19680 | Swamp:1  | Reached skill level 5 in Long Blades
 19963 | Swamp:1  | Noticed a fenstrider witch
 19969 | Swamp:1  | Killed a fenstrider witch
 19970 | Swamp:1  | Reached XP level 14. HP: 45/114 MP: 16/28
 20121 | Swamp:1  | Noticed Frances
 20135 | Swamp:1  | Killed Frances
 21123 | D:11     | Found a glowing silver altar of Zin.
 21658 | D:11     | Noticed Psyche
 21669 | D:11     | Killed Psyche
 21688 | D:11     | Identified the amulet of Ennai {RegenMP rPois rN+ Will++
                  | Dex-5}
 22038 | D:11     | Found a runed translucent door.
 22084 | D:11     | Identified the ring "Nadi" {rPois Str+2 Stlth+}
 22226 | D:12     | Learned a level 5 spell: Lee's Rapid Deconstruction
 22421 | D:12     | Offered knowledge of Lightning Bolt by Vehumet.
 22429 | D:12     | Reached skill level 1 in Earth Magic
 22536 | D:12     | Found a staircase to the Orcish Mines.
 23324 | D:12     | Learned a level 5 spell: Lightning Bolt
 23328 | Orc:1    | Entered Level 1 of the Orcish Mines
 23424 | Orc:2    | Entered Level 2 of the Orcish Mines
 23428 | Orc:2    | Noticed an orc warlord
 23431 | Orc:2    | Killed an orc warlord
 23633 | Orc:2    | Found a staircase to the Elven Halls.
 23720 | Orc:2    | Found Wybb's General Store.
 23720 | Orc:2    | Found Yprulozi's Distillery.
 23866 | Orc:2    | Offered knowledge of Conjure Ball Lightning by Vehumet.
 24284 | Orc:2    | Found Jiuclu's Magic Scroll Boutique.
 24284 | Orc:2    | Found Ziaru's Weapon Shoppe.
 24329 | Orc:2    | Learned a level 6 spell: Conjure Ball Lightning
 24882 | Orc:1    | Got the Disquisition on Cunning Variation
 25823 | Orc:2    | Bought a scroll of magic mapping for 105 gold pieces
 26062 | Swamp:2  | Noticed Nikola
 26358 | Swamp:2  | Killed Nikola
 26388 | Swamp:2  | Reached XP level 15. HP: 72/121 MP: 19/30
 26557 | Swamp:2  | Found a large runed translucent door.
 26558 | Swamp:2  | Found a large runed translucent door.
 26565 | Swamp:2  | Noticed esper6's ghost (journeyman GnNe)
 26843 | Swamp:2  | Noticed a thorn hunter
 26848 | Swamp:2  | Killed a thorn hunter
 28009 | Swamp:3  | Offered knowledge of Ozocubu's Refrigeration by Vehumet.
 28037 | Swamp:3  | Reached skill level 10 in Fighting
 28261 | Swamp:3  | Learned a level 7 spell: Ozocubu's Refrigeration
 28925 | Swamp:4  | Entered Level 4 of the Swamp
 28929 | Swamp:4  | Noticed Mlioglotl
 29412 | D:13     | Reached skill level 10 in Long Blades
 29416 | D:13     | Noticed Lodul
 29427 | D:13     | Killed Lodul
 30557 | D:13     | Identified the ring of Attitude {Fly SInv}
 31036 | D:13     | Offered knowledge of Iron Shot by Vehumet.
 31282 | D:13     | Got the Verses on Sculpting
 31827 | D:14     | Found a gate to the Vaults.
 31915 | D:14     | Noticed Kirke
 31930 | D:14     | Killed Kirke
 32038 | D:14     | Noticed Jorgrun
 32055 | D:14     | Slain by a skeletal warrior

Illustrated notes

Levels and vault maps discovered:
D:1:      dpeg_arrival_shelter, layout_rooms
D:2:      layout_loops_cross, grunt_decor_mini_mirrors
D:3:      layout_basic, vehumet_crystals, shapermc_ecumenical_altar_pompeii
D:4:      corexii_shantytown, layout_rooms, portal_sewer_entry_c, uniq_natasha
D:5:      layout_rooms, minmay_mini_ossuary
D:6:      layout_basic, grunt_temple_overflow_open, minmay_temple_entry_fiery,
          dreamdust_princess_corridor
D:7:      layout_loops_corners, minmay_misc_feat_columns, grunt_decor_arrowhead,
          dk_rats_in_the_wall
D:8:      layout_loops_ring, nicolae_wu_jian_immortal_techniques,
          hangedman_abyss_or_decor_lesser_grid
D:9:      layout_cave_pods, lair_entry_dummy
D:10:     layout_rooms, enter_trove_2, minmay_misc_feat_rugged,
          kennysheep_cluttered_room, chequers_avenue, lemuel_flamethrower_2
D:11:     minmay_the_grid_triangle_9x9_rhombus_thin
          [minmay_the_grid_triangle_9x9_subtriangle,
          minmay_the_grid_triangle_9x9_prize_special,
          minmay_the_grid_triangle_9x9_sparse_checkered,
          minmay_the_grid_triangle_9x9_alien], layout_basic,
          roderic_three_in_a_row, zin_treasury, uniq_psyche, uniq_erica
D:12:     layout_long_grid, minmay_orc_entry_guard_dogs
D:13:     fort_yaktaur, layout_long_grid, uniq_lodul
D:14:     layout_basic, david_vaults_1, nicolae_tso_carved_into_rock,
          uniq_kirke, uniq_jorgrun
Temple:   compressed_dpeg_circular_temple
Lair:1:   layout_regular_city, minmay_hedge_maze, infiniplex_staircase_pool,
          grunt_megastairs_4
Lair:2:   layout_hall_layers, basic_altar, grunt_megastairs_3
Lair:3:   layout_gridlike, palyth_hydra_swamp_entry,
          minmay_snake_entry_guardpost_large, nicolae_quartered_pool_little
Lair:4:   layout_regular_city, slime_entry_2
Lair:5:   cheibrodos_lair_end_hotspot, layout_gridlike,
          lightli_volcano_entry_magma_tube
Swamp:1:  nicolae_swamp_standing_stones, layout_falls_marsh,
          nicolae_swamp_dense_foliage, uniq_frances
Swamp:2:  layout_basic_swamp, ebering_ghost_disaster_area,
          wheals_swamp_sinkhole, swamp_pool5, nicolae_swamp_small_spring,
          uniq_nikola
Swamp:3:  layout_falls_marsh, evilmike_swamp_ruin_house_5
Swamp:4:  swamp_old_school, layout_basic_swamp, uniq_mlioglotl
Orc:1:    layout_diamond_mine, mines4_lemuel
Orc:2:    st_orc_town, layout_caves, gauntlet_entry_generic

Skill      XL: |  1  2  3  4  5  6  7  8  9 10 11 12 13 14 15 |
---------------+----------------------------------------------+-----
Conjurations   | 5 6 7 8 11 14 | 14.0
Translocations | 2 3 5 |  5.1
Ice Magic      | 5 8 9 10 11 | 11.1
Spellcasting   | 3 8 10 11 12 | 12.1
Air Magic      | 2 3 6 8 10 11 12 | 12.0
Fighting       | 7 10 | 10.0
Hexes          | 3 4 |  4.0
Shields        | 3 |  3.0
Dodging        | 2 |  2.0
Long Blades    | 5 8 11 | 11.5
Earth Magic    | 3 |  3.9
Stealth        | |  1.7

Action                   |  1- 3 |  4- 6 |  7- 9 | 10-12 | 13-15 || total
-------------------------+-------+-------+-------+-------+-------++-------
Melee: Unarmed           |     4 |       |       |       |       ||     4
       Short sword       |     7 |     6 |     9 |       |       ||    22
       Tailslap          |     1 |     1 |     2 |     5 |    24 ||    33
       Punch             |     1 |       |       |       |       ||     1
       Scimitar          |       |       |       |    27 |   126 ||   153
       Staff             |       |       |       |     3 |    17 ||    20
Throw: Dart              |       |       |       |       |     1 ||     1
 Cast: Magic Dart        |    63 |    80 |    70 |    23 |     6 ||   242
       Searing Ray       |     8 |    34 |    69 |    21 |     3 ||   135
       Iskenderun's Myst |       |       |     9 |     6 |    46 ||    61
       Fulminant Prism   |       |       |    14 |   100 |    79 ||   193
       Stone Arrow       |       |       |       |   179 |   346 ||   525
       Lightning Bolt    |       |       |       |       |   112 ||   112
       Conjure Ball Ligh |       |       |       |       |    52 ||    52
       Blink             |       |       |       |       |     5 ||     5
       Lee's Rapid Decon |       |       |       |       |     3 ||     3
       Ozocubu's Refrige |       |       |       |       |     6 ||     6
 Abil: Breathe Frost     |       |       |       |     1 |       ||     1
Evoke: Wand              |       |       |       |     4 |     2 ||     6
  Use: Scroll            |       |     1 |    18 |     7 |    10 ||    36
       Potion            |       |     1 |     2 |     4 |     9 ||    16
Armor: Skin              |    11 |     8 |    23 |    54 |   213 ||   309
Dodge: Dodged            |    11 |    32 |    45 |    94 |   250 ||   432
Block: Other             |       |       |     5 |       |       ||     5
       Buckler           |       |       |       |    22 |    78 ||   100
